 Dungeon Crawl Stone Soup version 0.23.0 (webtiles) character file.

Game seed: 15675188783915869577

36638 dwarken the Warrior (level 13, -1/97 HPs)
             Began as a Gargoyle Berserker on Feb 19, 2019.
             Was an Elder of Trog.
             Slain by a cyan ugly thing (6 damage)
             ... on level 15 of the Dungeon.
             The game lasted 01:19:26 (16023 turns).

dwarken the Warrior (Gargoyle Berserker)           Turns: 16023, Time: 01:19:27

Health: -1/97      AC: 27    Str: 28    XL:     13   Next: 91%
Magic:  13/13      EV: 13    Int: 12    God:    Trog [****..]
Gold:   657        SH:  0    Dex: 17    Spells: 12/12 levels left

rFire    . . .     SeeInvis .   J - +1 great mace
rCold    + . .     Gourm    .   (shield currently unavailable)
rNeg     + . .     Faith    .   i - +2 plate armour {rC+}
rPois    ∞         Spirit   .   D - +0 helmet
rElec    +         Reflect  .   (no cloak)
rCorr    +         Harm     +   H - +2 pair of gloves
MR       ++...                  F - +0 pair of boots
Stlth    ..........             l - amulet of harm
HPRegen  1.26/turn              N - ring of Hackass {Str+3 Int+3 Dex+3}
MPRegen  0.13/turn              g - ring of resist corrosion

@: agile, regenerating, lightly drained
A: negative energy resistance 1, electricity resistance, unbreathing,
petrification resistance, rot immunity, AC +9
a: Berserk, Trog's Hand, Brothers in Arms, Renounce Religion


You were on level 15 of the Dungeon.
You worshipped Trog.
Trog was greatly pleased with you.
You were very hungry.

You visited 1 branch of the dungeon, and saw 15 of its levels.
You also visited: Ice Cave.

You collected 1055 gold pieces.
You spent 398 gold pieces at shops.

Inventory:

Hand Weapons
 J - a +1 great mace (weapon)
Armour
 h - a +0 buckler
 i - a +2 plate armour of cold resistance (worn)
 r - a +0 pair of gloves
 z - a +2 plate armour
 D - a +0 helmet (worn)
 F - a +0 pair of boots (worn)
 H - a +2 pair of gloves (worn)
 P - a +0 cloak
Jewellery
 g - a ring of resist corrosion (right hand)
 l - an amulet of harm (around neck)
 E - an uncursed amulet of magic regeneration
 N - the ring of Hackass (left hand) {Str+3 Int+3 Dex+3}
   (You took it off a big kobold on level 9 of the Dungeon)

   [ring of strength]

   It affects your strength (+3).
   It affects your intelligence (+3).
   It affects your dexterity (+3).
 Q - an uncursed ring of fire
Wands
 k - a wand of digging (6)
 p - a wand of paralysis (12)
 s - a wand of random effects (20)
 v - a wand of flame (69)
 I - a wand of acid (21)
Scrolls
 a - 2 scrolls of noise {unknown}
 f - 8 scrolls of teleportation
 j - 7 scrolls of identify
 q - 3 scrolls of magic mapping
 x - a scroll of fog
 L - a scroll of silence
 M - 3 scrolls of remove curse
 O - a scroll of summoning {unknown}
 T - a scroll of vulnerability {unknown}
Potions
 d - 4 potions of agility
 e - a potion of cancellation
 m - 3 potions of lignification
 o - 2 potions of brilliance {unknown}
 u - a potion of mutation {unknown}
 w - 4 potions of resistance {unknown}
 A - a potion of might {unknown}
 B - 2 potions of berserk rage {unknown}
 C - 3 potions of degeneration {unknown}
 K - 2 potions of haste {unknown}
 R - 3 potions of flight {unknown}
Miscellaneous
 t - a crystal ball of energy
Comestibles
 c - 17 rations


   Skills:
 * Level 18.2(18.0) Fighting
 - Level 15.0(14.9) Maces & Flails
 - Level 2.2(2.1) Armour
 - Level 1.6(1.4) Dodging
 - Level 0.4(0.3) Stealth
 - Level 1.1(0.9) Evocations


You had 12 spell levels left.
You didn't know any spells.
Your spell library was empty.

Dungeon Overview and Level Annotations

Branches:
Dungeon (15/15)            Temple (0/1) D:7            Lair (0/6) D:9
    Orc (0/2) D:9          Vaults (0/5) D:14         Depths (0/5) D:15

Altars:
Cheibriados
Dithmenos
Fedhas
Gozag
Okawaru

Shops:
D:5 [}   D:8 :%??   D:13 (


Innate Abilities, Weirdness & Mutations

You are resistant to torment.
Your stone body is resilient. (AC +9)
You are immune to poison.
You resist negative energy. (rN+)
You are resistant to electric shocks. (rElec)
You can survive without breathing.
You are immune to petrification.
You are immune to rotting.


Message History

The cyan ugly thing is severely wounded.
The cyan ugly thing stings you.
* * * LOW HITPOINT WARNING * * *
The cyan ugly thing shocks you. You resist.
* * * LOW HITPOINT WARNING * * *
The purple ugly thing basks in the mutagenic energy from its kin and changes!
Your skin crawls.
You feel resistant to hostile enchantments.
You are feeling very hungry.
The white ugly thing basks in the mutagenic energy from its kin and changes!
The cyan ugly thing stings you but does no damage.
You hit the cyan ugly thing but do no damage.
The cyan ugly thing is severely wounded.
The cyan ugly thing stings you but does no damage.
Your plate armour prevents you from hitting the cyan ugly thing.
The cyan ugly thing is severely wounded.
The cyan ugly thing stings you.
* * * LOW HITPOINT WARNING * * *
The cyan ugly thing shocks you. You resist.
You die...

**############
*,.ouu.uuu@..#
*,##########.# *,* *,#
****** *,* *,* *,,,,,
*,*
*******,*********,****
*,*
*,,,,,,,,,,,,,,,,,*
*,*
*,*****,***********
*,* *,* *,* *,* *,*
*,*


You could see 5 ugly things and an orc.

Vanquished Creatures
  Rupert (D:14)
  A white draconian (IceCv)
  An ogre mage (D:14)
  A hydra (D:14)
  3 two-headed ogres
  The ghost of harness the Geomancer, a novice DEEE of Sif Muna (D:9)
  Sonja (D:13)
  An unseen horror (D:13)
  A skeletal warrior (D:15)
  2 deep elf magi
  An ugly thing (D:15)
  A manticore (D:11)
  3 cyclopes
  A slime creature (D:15)
  2 gargoyles
  A kobold demonologist (D:9)
  A queen bee (D:12)
  16 polar bears (IceCv)
  4 trolls
  A hornet (D:13)
  3 hippogriffs
  An ettin zombie (D:15)
  2 wraiths (D:13)
  A shadow (D:11)
  24 yaks
  A human (D:10)
  A basilisk (D:13)
  3 hungry ghosts
  Eustachio (D:5)
  6 vampire mosquitoes
  Menkaure (D:7)
  A warg (D:9)
  An acid dragon (D:11)
  4 porcupines (D:9)
  4 orc warriors
  3 black bears
  2 sky beasts
  3 phantoms
  2 ice beasts
  2 necrophages
  6 wolves (IceCv)
  3 ogres
  2 centaurs
  3 crocodiles
  5 big kobolds
  10 bullfrogs
  A gnoll sergeant (D:5)
  A water moccasin zombie (D:10)
  3 scorpions
  24 killer bees
  10 wights
  4 electric eels (D:6)
  4 howler monkeys
  8 crimson imps
  2 bullfrog zombies
  2 centaur zombies
  6 hounds
  A quasit (D:14)
  5 centaur skeletons
  An iron imp (D:8)
  5 jellies
  7 orc priests
  3 bullfrog skeletons
  6 iguanas
  10 orc wizards
  13 worker ants
  A hound zombie (D:8)
  A hound skeleton (D:5)
  A howler monkey zombie (D:11)
  13 gnolls
  14 adders
  4 shadow imps
  12 white imps (D:15)
  2 oozes
  An adder skeleton (D:4)
  8 worms
  2 dart slugs
  8 leopard geckos
  34 orcs
  A ball python (D:5)
  4 bats
  8 giant cockroaches
  8 goblins
  10 hobgoblins
  9 jackals
  9 kobolds
  10 quokkas
  8 frilled lizards
  A quokka zombie (D:8)
  11 rats
  A bush (D:7)
436 creatures vanquished.

Vanquished Creatures (collateral kills)
  Nessos (D:13)
  Snorg (D:13)
  A hydra (D:14)
  2 centaur warriors
  A two-headed ogre (D:12)
  A necromancer (D:15)
  A deep elf mage (D:12)
  A stone giant zombie (D:15)
  A cyclops (D:14)
  A guardian mummy (D:15)
  A slime creature (D:15)
  A hungry ghost (D:11)
  A warg (D:9)
  A hornet zombie (D:15)
  An eye of draining (D:12)
  5 big kobolds (D:9)
  A bullfrog (D:12)
  2 killer bees (D:11)
  2 orc priests (D:9)
  An orc wizard (D:9)
  2 gnolls (D:11)
  5 orcs
  A jackal (D:11)
  A kobold (D:12)
36 creatures vanquished.

Vanquished Creatures (others)
  2 polar bears (IceCv)
  3 plants
5 creatures vanquished.

Grand Total: 477 creatures vanquished

Notes
Turn   | Place    | Note
-------+----------+-------------------------------------------
     0 | D:1      | dwarken the Gargoyle Berserker began the quest for the Orb.
     0 | D:1      | Reached XP level 1. HP: 14/14 MP: 1/1
   211 | D:1      | Reached XP level 2. HP: 18/19 MP: 2/2
   445 | D:1      | Reached ** piety under Trog
   513 | D:1      | Reached XP level 3. HP: 23/23 MP: 3/3
   774 | D:2      | Reached XP level 4. HP: 16/28 MP: 4/4
  1210 | D:2      | Reached skill level 5 in Maces & Flails
  1250 | D:2      | Found an iron altar of Okawaru.
  1499 | D:3      | Reached XP level 5. HP: 32/32 MP: 5/5
  1627 | D:3      | Reached *** piety under Trog
  2533 | D:4      | Noticed a phantom
  2594 | D:4      | Killed a phantom
  2594 | D:4      | Reached XP level 6. HP: 22/37 MP: 6/6
  2812 | D:4      | Noticed a phantom
  2850 | D:4      | Killed a phantom
  2939 | D:4      | Reached XP level 7. HP: 29/41 MP: 7/7
  3466 | D:5      | Entered Level 5 of the Dungeon
  3495 | D:5      | Found an opulent altar of Gozag.
  3813 | D:5      | Found Wuolon's Gadget Shop.
  3825 | D:5      | Bought a wand of flame (24) for 182 gold pieces
  3851 | D:5      | Reached XP level 8. HP: 43/46 MP: 8/8
  4011 | D:5      | Noticed Eustachio
  4025 | D:5      | Killed Eustachio
  4062 | D:5      | Reached skill level 10 in Maces & Flails
  4285 | D:5      | Found Fuwidot's Antique Armour Emporium.
  4434 | D:5      | Reached **** piety under Trog
  4535 | D:6      | Got a scintillating jade ring
  4539 | D:6      | Identified the cursed ring "Kutruli" {AC-2 Dex+3} (You
                  | found it on level 6 of the Dungeon)
  4714 | D:6      | Reached XP level 9. HP: 51/51 MP: 9/9
  4717 | D:6      | Reached skill level 1 in Evocations
  5506 | D:7      | Found a staircase to the Ecumenical Temple.
  5722 | D:7      | Found a shadowy altar of Dithmenos.
  6037 | D:7      | Noticed Menkaure
  6047 | D:7      | Killed Menkaure
  6687 | D:7      | Found a blossoming altar of Fedhas.
  6687 | D:7      | Noticed a deep elf mage
  6692 | D:7      | Killed a deep elf mage
  6904 | D:8      | Reached XP level 10. HP: 50/56 MP: 10/10
  7076 | D:8      | Found Ymif's Magic Scroll Shoppe.
  7223 | D:8      | Found a snail-covered altar of Cheibriados.
  7335 | D:8      | Bought a scroll of enchant armour for 90 gold pieces
  7335 | D:8      | Bought a scroll of enchant weapon for 90 gold pieces
  7335 | D:8      | Bought a scroll of remove curse for 36 gold pieces
  7387 | D:8      | Found Jujof's Magic Scroll Emporium.
  7434 | D:8      | Found Ykedd's Food Emporium.
  7520 | D:8      | Found Ecuimef's Book Shop.
  7843 | D:9      | Reached skill level 15 in Maces & Flails
  7931 | D:9      | Found a staircase to the Lair.
  8032 | D:9      | Found a runed translucent gate.
  8033 | D:9      | Found a runed translucent gate.
  8034 | D:9      | Found a runed translucent gate.
  8034 | D:9      | Noticed harness's ghost (novice DEEE)
  8037 | D:9      | Noticed a kobold demonologist
  8054 | D:9      | Reached skill level 4 in Fighting
  8073 | D:9      | Reached skill level 5 in Fighting
  8079 | D:9      | Reached XP level 11. HP: 40/64 MP: 11/11
  8086 | D:9      | Reached skill level 6 in Fighting
  8365 | D:9      | Identified the ring of Hackass {Str+3 Int+3 Dex+3}
  8554 | D:9      | Found a shadowy altar of Dithmenos.
  8666 | D:9      | Reached skill level 7 in Fighting
  8706 | D:9      | Found a staircase to the Orcish Mines.
  8734 | D:9      | Reached ***** piety under Trog
  9051 | D:9      | Reached skill level 8 in Fighting
  9059 | D:9      | Killed harness's ghost
  9269 | D:10     | Entered Level 10 of the Dungeon
  9394 | D:10     | Reached skill level 9 in Fighting
  9503 | D:10     | Noticed a two-headed ogre
  9510 | D:10     | Killed a two-headed ogre
  9600 | D:10     | Reached skill level 10 in Fighting
 10558 | D:11     | Reached skill level 11 in Fighting
 10758 | D:11     | Noticed a manticore
 10778 | D:11     | Killed a manticore
 11186 | D:12     | Noticed a two-headed ogre
 11190 | D:12     | Killed a two-headed ogre
 11190 | D:12     | Reached skill level 12 in Fighting
 11190 | D:12     | Reached XP level 12. HP: 81/81 MP: 12/12
 11802 | D:12     | Reached skill level 13 in Fighting
 12056 | D:13     | Found Wufiotha's Antique Weapon Emporium.
 12633 | D:13     | Noticed Nessos
 12641 | D:13     | Noticed a centaur warrior
 12653 | D:13     | Killed a centaur warrior
 12660 | D:13     | Killed Nessos
 12660 | D:13     | Reached skill level 14 in Fighting
 13019 | D:13     | Noticed Snorg
 13033 | D:13     | HP: 3/85 [Snorg (6)]
 13457 | D:13     | Killed Snorg
 13495 | D:13     | Noticed Sonja
 13502 | D:13     | Killed Sonja
 13868 | D:14     | Reached skill level 15 in Fighting
 13881 | D:14     | Noticed a seven-headed hydra
 13882 | D:14     | Killed a seven-headed hydra
 14087 | D:14     | Noticed Rupert
 14106 | D:14     | Killed Rupert
 14106 | D:14     | Reached XP level 13. HP: 20/93 MP: 13/13
 14425 | D:14     | Reached skill level 16 in Fighting
 14471 | D:14     | Found a gate to the Vaults.
 14474 | D:14     | Noticed an ogre mage
 14491 | D:14     | Killed an ogre mage
 14834 | D:15     | Entered Level 15 of the Dungeon
 14938 | D:15     | Found a frozen archway.
 14949 | IceCv    | Entered an ice cave
 15004 | IceCv    | Reached skill level 17 in Fighting
 15685 | IceCv    | Noticed a white draconian
 15702 | IceCv    | Killed a white draconian
 15969 | D:15     | Found a staircase to the Depths.
 15972 | D:15     | Reached skill level 18 in Fighting
 16006 | D:15     | HP: 4/97 [something (2)]
 16023 | D:15     | Slain by a cyan ugly thing

Skill      XL: |  1  2  3  4  5  6  7  8  9 10 11 12 13 |
---------------+----------------------------------------+-----
Maces & Flails | 4 5 6 7 9 11 13 15 | 15.0
Evocations     | 1 |  1.1
Fighting       | 5 12 15 18 | 18.2
Armour         | |  2.2
Dodging        | |  1.6
Stealth        | |  0.4

Action                   |  1- 3 |  4- 6 |  7- 9 | 10-12 | 13-15 || total
-------------------------+-------+-------+-------+-------+-------++-------
Melee: Mace              |   115 |   276 |    41 |       |       ||   432
       Flail             |       |       |   176 |       |       ||   176
       Dire flail        |       |       |   207 |    60 |       ||   267
       Great mace        |       |       |       |   608 |   264 ||   872
Invok: Trog's Hand       |     1 |     2 |     9 |     8 |     7 ||    27
       Berserk           |       |     1 |     4 |     3 |     2 ||    10
       Brothers in Arms  |       |       |       |    12 |     2 ||    14
Evoke: Wand              |       |       |     8 |     5 |     1 ||    14
  Use: Scroll            |       |     9 |     7 |    15 |     2 ||    33
       Potion            |       |       |       |     2 |     9 ||    11
 Stab: Paralysed         |       |       |     2 |       |       ||     2
       Distracted        |       |       |       |       |     1 ||     1
  Eat: Chunk             |       |     6 |    15 |    18 |     7 ||    46
       Ration            |       |     1 |     1 |     6 |     2 ||    10
Armor: Animal skin       |     7 |       |       |       |       ||     7
       Chain mail        |    75 |    80 |   129 |       |       ||   284
       Ring mail         |       |    59 |       |       |       ||    59
       Plate armour      |       |       |    98 |   576 |   280 ||   954
Dodge: Dodged            |    55 |   110 |   139 |   260 |   134 ||   698
